Map: Catalyst LE

Players

avilo

  • Race: Zerg Zerg
  • League: Grandmaster
  • Spawn Location: 5:00

MuphynMan - Winner!

  • Race: Terran Terran
  • League: Diamond
  • Spawn Location: 11:00

VOD

Have the link to the VOD?

Description

Time

  • Played on: May 27, 2018, 2:46 p.m.
  • Length: 15:36
Show
View Real Time Build Order
Export as new Build Order

avilo Zerg 

Build Orders: Pool First 

Get SALT Encoding   

  12  0:00  Drone  
  13  0:12  Overlord  
  13  0:17  Drone  
  14  0:31  Drone x2  
  14  0:35  Drone  
  17  0:46  Spawning Pool  
  16  0:50  Extractor  
  16  0:51  Drone  
  16  0:57  Drone  
  17  1:18  Hatchery  
  16  1:29  Drone  
  17  1:35  Queen  
  19  1:44  Zergling x2  
  20  1:48  Drone x2  
  22  1:58  Drone  
  22  2:00  Metabolic Boost  
  22  2:18  Spore Crawler, Extractor, Queen  
  24  2:24  Overlord  
  23  2:37  Queen  
  23  2:38  Drone x3  
  28  2:48  Drone x3  
  31  2:53  Drone x2  
  33  3:01  Extractor  
  33  3:02  Overlord  
  32  3:10  Roach Warren  
  31  3:17  Drone  
  31  3:18  Drone x2  
  34  3:23  Evolution Chamber  
  33  3:32  Drone x3  
  36  3:34  Drone  
  36  3:41  Evolution Chamber  
  36  3:48  Overlord  
  36  3:55  Lair  
  36  3:57  Zerg Missile Weapons Level 1  
  36  4:02  Overlord  
  36  4:12  Drone x3  
  36  4:13  Drone  
  36  4:14  Spine Crawler  
  39  4:17  Drone  
  39  4:19  Drone x2  
  42  4:36  Overlord  
  42  4:37  Overlord  
  42  4:39  Extractor  
  42  4:44  Zerg Ground Armor Level 1  
  41  4:50  Roach x2  
  41  4:51  Overlord  
  44  4:54  Glial Reconstitution  
  44  5:01  Drone  
  44  5:02  Drone x4  
  44  5:03  Drone  
  50  5:13  Drone x3  
  50  5:14  Drone x2  
  55  5:18  Extractor  
  55  5:20  Overseer  
  54  5:27  Drone  
  54  5:28  Roach x3  
  61  5:41  Roach  
  63  5:43  Hatchery  
  63  5:47  Roach x3  
  68  5:58  Hydralisk Den  
  68  5:59  Zerg Missile Weapons Level 2  
  67  6:05  Overlord, Drone  
  67  6:06  Overlord  
  68  6:17  Overlord  
  68  6:26  Infestation Pit, Roach x5  
  68  6:31  Roach x2  
  81  6:43  Roach x3  
  87  6:49  Zerg Ground Armor Level 2  
  87  6:57  Drone x3  
  87  6:58  Drone x4  
  94  7:05  Hive  
  94  7:18  Grooved Spines  
  94  7:20  Drone x4  
  94  7:21  Drone x2  
  95  7:30  Drone  
  95  7:31  Drone x2  
  95  7:32  Overlord x2  
  98  7:44  Overlord x3  
  98  7:54  Evolution Chamber  
  98  7:55  Evolution Chamber  
  98  7:56  Evolution Chamber  
  98  7:57  Evolution Chamber  
  94  8:00  Evolution Chamber  
  94  8:02  Pneumatized Carapace  
  94  8:05  Hydralisk x3  
  93  8:08  Overseer  
  99  8:15  Hydralisk x2  
  99  8:16  Hydralisk  
  99  8:18  Viper  
  108  8:23  Viper  
  108  8:24  Extractor  
  108  8:25  Extractor  
  109  8:29  Drone  
  109  8:30  Drone x5  
  115  8:41  Viper  
  115  8:47  Drone x3  
  109  8:57  Hydralisk x4  
  117  9:02  Roach  
  117  9:03  Roach x3  
  123  9:10  Roach x3  
  90  9:33  Hydralisk x4  
  90  9:34  Hydralisk x2  
  90  9:37  Roach x2  
  90  9:38  Roach x2  
  103  9:44  Hydralisk  
  96  9:56  Roach x2  
  96  9:57  Roach  
  87  10:14  Drone x5  
  82  10:29  Hydralisk x4  
  82  10:30  Hydralisk x2  
  94  10:41  Hydralisk x3  
  100  10:46  Roach  
  100  10:47  Roach  
  104  10:50  Extractor  
  103  10:57  Hydralisk x3  
  109  11:05  Viper  
  112  11:17  Hydralisk x2  
  112  11:18  Hydralisk x3  
  122  11:26  Muscular Augments  
  122  11:33  Drone x2  
  122  11:34  Drone x4  
  122  11:35  Spine Crawler  
  122  11:39  Viper  
  130  11:43  Spine Crawler  
  129  11:49  Overlord x2  
  129  11:57  Overlord, Spine Crawler  
  128  12:05  Overlord x2  
  128  12:21  Roach x7  
  110  12:39  Roach x4  
  110  12:40  Roach x4  
  110  13:06  Hydralisk x3  
  110  13:07  Hydralisk x5  
  106  13:15  Hydralisk x2  
  102  13:20  Roach x2  
  102  13:21  Roach  
  108  13:29  Drone x2  
  108  13:30  Drone x2  
  108  13:32  Viper  
  115  13:44  Roach  
  115  13:45  Roach x4  
  125  13:54  Hydralisk  
  125  13:55  Hydralisk x2  
  123  14:12  Hydralisk x3  
  123  14:13  Hydralisk x2  
  123  14:16  Queen  
  133  14:23  Overlord  
  133  14:24  Overlord  
  135  14:35  Viper  
  135  14:37  Overlord x2  
  138  14:47  Viper  
  138  14:48  Viper x3  
  138  14:52  Overseer x3  
  150  15:02  Roach x2  
  150  15:03  Roach x2  
Show
View Real Time Build Order
Export as new Build Order

MuphynMan Terran - Winner!

Build Orders: Mech 

Get SALT Encoding   

  12  0:00  SCV  
  13  0:12  SCV  
  14  0:17  Supply Depot  
  14  0:24  SCV  
  15  0:39  SCV  
  15  0:41  Barracks  
  16  0:51  SCV  
  17  1:03  SCV  
  18  1:15  SCV  
  19  1:20  Command Center  
  19  1:28  Marine  
  20  1:33  Orbital Command  
  20  1:38  Refinery  
  20  1:43  Refinery  
  20  1:58  SCV  
  21  2:03  Marine  
  21  2:06  Supply Depot  
  22  2:18  SCV  
  23  2:30  SCV  
  23  2:33  Factory  
  23  2:34  Orbital Command  
  24  2:43  SCV  
  25  2:45  Barracks Reactor  
  25  2:55  SCV, Factory  
  26  3:02  SCV  
  27  3:08  SCV  
  28  3:17  Factory  
  28  3:27  SCV x2  
  28  3:29  Hellion x2  
  34  3:39  SCV x2  
  34  3:40  Barracks Tech Lab  
  34  3:41  Supply Depot  
  36  3:42  Factory Tech Lab  
  36  3:50  Hellion x2  
  36  3:51  SCV x2  
  42  4:02  Infernal Pre-Igniter, Hellion  
  44  4:03  Supply Depot, SCV x2  
  46  4:15  SCV  
  46  4:16  SCV, Hellion  
  50  4:26  Command Center  
  50  4:27  SCV  
  50  4:28  SCV  
  52  4:32  Siege Tank  
  52  4:37  Armory  
  55  4:39  SCV  
  55  4:40  SCV  
  57  4:54  Hellion x2  
  61  5:03  Supply Depot  
  61  5:07  Supply Depot  
  61  5:10  SCV  
  61  5:12  Refinery  
  61  5:13  Refinery  
  62  5:17  Siege Tank, SCV, Hellion  
  68  5:24  Hellion  
  68  5:25  Hellion  
  72  5:34  SCV x2  
  74  5:39  Terran Vehicle Weapons Level 1  
  74  5:40  Orbital Command  
  74  5:50  Siege Tank, Hellion  
  74  5:51  Siege Tank, Hellion  
  74  5:52  SCV x2  
  86  5:58  Supply Depot x2  
  86  5:59  Engineering Bay  
  86  6:07  Orbital Command  
  86  6:18  Supply Depot  
  86  6:19  Refinery, Supply Depot  
  86  6:20  Supply Depot, SCV x2  
  86  6:23  Refinery  
  88  6:46  Siege Tank x2  
  94  6:47  Hellion x2  
  94  6:48  SCV x2  
  96  6:54  SCV  
  96  7:00  SCV x2  
  99  7:07  Factory  
  99  7:08  Armory, Factory  
  99  7:09  Supply Depot  
  99  7:10  Supply Depot  
  99  7:11  Supply Depot  
  97  7:23  Siege Tank x2, Hellion  
  97  7:24  Hellion  
  105  7:34  SCV x3  
  108  7:46  Hellion x2  
  112  7:52  Factory Reactor, Factory Tech Lab  
  112  7:58  Siege Tank x2  
  110  8:04  Terran Vehicle Weapons Level 2, Terran Vehicle And Ship Armor Level 1  
  110  8:12  Hellion x2  
  114  8:13  SCV x3  
  114  8:16  Hi-Sec Auto Tracking  
  114  8:17  Command Center  
  117  8:30  Factory  
  117  8:32  Factory  
  117  8:33  Factory  
  117  8:35  Missile Turret  
  117  8:36  SCV x3  
  117  8:37  Missile Turret  
  117  8:40  Thor x2  
  132  8:42  Hellion  
  118  9:05  Hellion  
  118  9:06  Hellion x2  
  124  9:10  Hellion x2  
  124  9:14  SCV x3  
  131  9:22  Factory Reactor, Refinery, Factory Tech Lab  
  131  9:24  Refinery, Hellion x2  
  122  9:39  Hellion x2  
  122  9:40  Siege Tank, Hellion x2  
  122  9:41  Siege Tank  
  122  9:42  SCV x2  
  122  9:43  Planetary Fortress  
  122  9:45  Siege Tank x2  
  126  10:00  Hellion  
  126  10:01  Hellion  
  122  10:07  Hellion x4  
  122  10:12  Siege Tank  
  122  10:13  Siege Tank  
  124  10:15  SCV  
  124  10:16  SCV x2  
  124  10:17  Siege Tank  
  116  10:43  Hellion x4  
  116  10:44  Hellion  
  116  10:45  Factory Tech Lab  
  126  10:51  Siege Tank x2, Hellion  
  134  10:59  Siege Tank x2  
  140  11:07  Hellion  
  140  11:08  Hellion x5  
  150  11:23  Siege Tank, Thor  
  159  11:26  Starport  
  159  11:27  Starport  
  159  11:37  Sensor Tower  
  159  11:48  Thor x3  
  159  11:49  Hellion  
  159  11:51  Sensor Tower  
  179  11:58  Command Center  
  179  12:05  Starport Reactor x2  
  179  12:27  Hellion x2  
  179  12:28  Hellion  
  164  12:36  Siege Tank x2, Hellion x2  
  152  12:49  Hellion x2  
  152  12:50  Viking x4, Hellion x2  
  164  13:01  Hellion x2  
  164  13:03  Siege Tank  
  164  13:04  Terran Vehicle And Ship Armor Level 2  
  164  13:05  Terran Ship Weapons Level 1  
  159  13:10  Siege Tank  
  159  13:11  Siege Tank x3  
  159  13:12  Planetary Fortress  
  156  13:17  Refinery  
  153  13:21  Hellion x2  
  157  13:30  Refinery  
  157  13:34  Viking x2  
  157  13:35  Siege Tank  
  164  13:53  Siege Tank, Hellion x4  
  164  13:54  Siege Tank, Viking x2  
  176  14:00  Siege Tank, Hellion x2  
  183  14:08  Siege Tank  
  183  14:09  Hellion  
  188  14:17  Hellion  
  188  14:18  Hellion  
  188  14:21  Fusion Core  
  192  14:26  Siege Tank  
  195  14:57  Starport  
  195  14:59  Starport  
  195  15:00  Starport  
  195  15:01  Starport  
  195  15:05  Command Center  
  195  15:09  Command Center  
  195  15:15  Command Center  
Tags
 
Composition
Mech
Matchup
TvZ
Opening
Pool First
Player
Avilo
Spawn Locations
Cross Positions
Add a new tag
Caveats
  • Supply blocks, unpowered buildings, or Contaminate may cause inaccurate times.
  • Supply counts are checked every 10 seconds.